 Dungeon Crawl Stone Soup version 0.21-a0-536-gdbbf329 (webtiles) character file.

44 slep the Chopper (level 3, -3/18 HPs)
             Began as a Vine Stalker Gladiator on Dec 15, 2017.
             Slain by a goblin
             ... wielding a +0 dagger
             ... led by Robin
              (4 damage)
             ... on level 2 of the Dungeon.
             The game lasted 00:02:28 (527 turns).

slep the Chopper (Vine Stalker Gladiator)            Turns: 527, Time: 00:02:30

Health: -3/18      AC:  5    Str: 16    XL:     3   Next: 62%
Magic:  0/4        EV: 13    Int:  8    God:
Gold:   35         SH:  0    Dex: 16    Spells: 2/2 levels left

rFire    . . .     SeeInvis .   a - +0 war axe
rCold    . . .     Gourm    .   (no shield)
rNeg     . . .     Faith    .   b - +0 leather armour
rPois    .         Spirit   +   c - +0 helmet
rElec    .         Reflect  .   (no cloak)
rCorr    .         Harm     .   o - +0 pair of gloves
MR       .....                  (no boots)
Stlth    ++........             (no amulet)
HPRegen  0.06/turn              m - ring of stealth
MPRegen  0.09/turn              (no ring)

@: lethally poisoned (-3 -> -8)
A: fangs 2, magic shield, antimagic bite, no potion heal 3, rot immunity
a: no special abilities


You were on level 2 of the Dungeon.
You were not hungry.

You visited 1 branch of the dungeon, and saw 2 of its levels.

You collected 35 gold pieces.

Inventory:

Hand Weapons
 a - a +0 war axe (weapon)
Missiles
 d - 3 throwing nets (quivered)
Armour
 b - a +0 leather armour (worn)
 c - a +0 helmet (worn)
 o - a +0 pair of gloves (worn)
Jewellery
 m - a ring of stealth (left hand)
Scrolls
 e - a scroll of immolation {unknown}
 g - a scroll of fear {unknown}
 i - 2 scrolls of identify {unknown}
 k - 2 scrolls of remove curse {unknown}
 n - a scroll of teleportation {unknown}
Potions
 h - a potion of mutation {unknown}
 j - a potion of curing {unknown}
 p - a potion of brilliance {unknown}
Comestibles
 f - a bread ration
 l - a royal jelly
 q - 2 chunks of flesh


   Skills:
 + Level 1.9 Fighting
 + Level 3.4 Axes
 + Level 1.8 Throwing
 + Level 0.4 Armour
 + Level 2.8 Dodging
 + Level 0.2 Stealth


You had 2 spell levels left.
You didn't know any spells.

Dungeon Overview and Level Annotations

Branches:
Dungeon (2/15)

Altars:

Annotations:
D:2 Robin


Innate Abilities, Weirdness & Mutations

You have extremely sharp teeth.
When hurt, damage is shared between your health and your magic reserves.
Your bite disrupts and absorbs the magic of your enemies.
Potions cannot restore your health.
You are immune to rotting.


Message History

The goblin closely misses you. The adder barely misses you.
The goblin closely misses you.
You closely miss the adder. Your bite misses the adder.
You barely miss the goblin. The adder bites you.
* * * LOW HITPOINT WARNING * * *
The adder barely misses you. The goblin hits you but does no damage.
You slash the adder!
The adder is severely wounded.
You miss the goblin.
The goblin no longer looks unusually strong.
The adder bites you.
* * * LOW HITPOINT WARNING * * *
The goblin barely misses you. The adder bites you.
* * * LOW HITPOINT WARNING * * *
You are lethally poisoned!
The adder poisons you!
Robin roars a battlecry!
The goblin goes into a battle-frenzy!
The goblin hits you with a dagger.
You die...

#...##. #(..##. #...##.
# #.).##. ##. #.).##.
... #....#. # .g ####...
#...#g###############...
....grS@g..........##...
...##g###........#......
.. #........####†.. ##
#...............
..##........#......
#..............##.#.
#.###.........###.##
##..(......###...
#..........#....#


You could see Robin, an adder, a quokka and 4 goblins.

Vanquished Creatures
  4 dart slugs
  2 giant cockroaches
  6 goblins
  5 hobgoblins
  5 kobolds
  A ball python (D:1)
  7 bats
  2 frilled lizards (D:2)
  A rat (D:1)
33 creatures vanquished.

Notes
Turn   | Place    | Note
-------+----------+-------------------------------------------
     0 | D:1      | slep the Vine Stalker Gladiator began the quest for the Orb.
     0 | D:1      | Reached XP level 1. HP: 11/11 MP: 2/2
   263 | D:1      | Reached XP level 2. HP: 9/15 MP: 3/3
   283 | D:1      | Reached skill level 3 in Axes
   438 | D:2      | Reached XP level 3. HP: 15/18 MP: 4/4
   512 | D:2      | Noticed Robin
   527 | D:2      | Slain by a goblin

Vault maps used:
D:1:      lightli_arrival_lavapool, serial_bayou_pond_a
D:2:      uniq_robin

Skill      XL: |  1  2 |
---------------+-------+-----
Axes           | 3 |  3.4
Fighting       | |  1.9
Throwing       | |  1.8
Armour         | |  0.4
Dodging        | |  2.8
Stealth        | |  0.2

Action                   || total
-------------------------++-------
Melee: War axe           ||    81
       Bite              ||    15
 Stab: Sleeping          ||     2
Armor: Leather armour    ||    31
Dodge: Dodged            ||    77

Table legend:
 A = Spawn XP
 B = Non-spawn XP
 C = Spawn XP percentage of total XP
 D = Spawn monster count
 E = Non-spawn monster count
 F = Spawn count percentage of total count
 G = Total turns spent on level
                    A         B        C        D         E        F      G
               +---------+---------+-------+---------+---------+-------+---------
         Total |       0 |      64 |   0.0 |       0 |      33 |   0.0 |   527
               +---------+---------+-------+---------+---------+-------+---------
           D:1 |       0 |      32 |   0.0 |       0 |      15 |   0.0 |   434
           D:2 |       0 |      32 |   0.0 |       0 |      18 |   0.0 |    93
               +---------+---------+-------+---------+---------+-------+---------
